 Dungeon Crawl Stone Soup version 0.30-a0-618-gd6c86c23d0 (webtiles) character file.

Game seed: 14909557588648603871

237 ParallaxScroll the Magician (level 5, -5/41 HPs)
             Began as a Mummy Cinder Acolyte on Jan 9, 2023.
             Was a High Priest of Ignis.
             Constricted to death by Natasha (7 damage)
             ... on level 3 of the Dungeon.
             The game lasted 00:20:50 (3265 turns).

ParallaxScroll the Magician (Mummy Cinder Acolyte)  Turns: 3265, Time: 00:20:51

Health: -5/41      AC:  4    Str: 18    XL:     5   Next: 77%
Magic:  7/12       EV:  8    Int: 15    God:    Ignis [*****.]
Gold:   196        SH:  0    Dex:  7    Spells: 9/14 levels left

rFire   . . .      SeeInvis .    a - -1 hand axe (flame)
rCold   + + .      Faith    +    (no shield)
rNeg    + + +      Spirit   .    w - +1 robe {rC+}
rPois   ∞          Reflect  .    i - +0 helmet
rElec   .          Harm     .    (no cloak)
rCorr   .          Rampage  .    (no gloves)
Will    .....                    (no boots)
Stlth   +                        (no amulet)
HPRegen 0.26/turn                (no ring)
MPRegen 0.13/turn                (no ring)

@: grasped by roots, constricted
A: cold resistance 1, negative energy resistance 3, torment resistance 2, heat
vulnerability 1, in touch with death 1, no potions, faith
a: Renounce Religion, Fiery Armour, Foxfire Swarm, Rising Flame


You were on level 3 of the Dungeon.
You worshipped Ignis.
Ignis was extremely pleased with you.
You visited 1 branch of the dungeon, and saw 3 of its levels.

You collected 196 gold pieces.

Inventory:

Hand Weapons
 a - a -1 hand axe of flaming (weapon)
 b - a +0 sling
 q - a +3 dagger
Missiles
 c - 16 stones
 g - 2 atropa-tipped darts (quivered)
Armour
 d - a +0 ring mail
 e - a +0 scale mail
 i - a +0 helmet (worn)
 o - a +0 kite shield
 p - a +0 tower shield
 r - a +2 robe
 t - a +0 chain mail
 w - a +1 robe of cold resistance (worn)
Jewellery
 v - a +5 ring of evasion
Wands
 u - a wand of paralysis (4)
Scrolls
 f - a scroll of immolation {unknown}
 h - a scroll of torment {unknown}
 j - 2 scrolls of fog
 k - a scroll of fear {unknown}
 l - 2 scrolls of identify {unknown}
 m - 4 scrolls of teleportation
 n - a scroll of enchant weapon {unknown}
 s - a scroll of vulnerability {unknown}


   Skills:
 - Level 3.0 Fighting
 - Level 2.4 Axes
 - Level 1.0 Throwing
 - Level 1.0 Armour
 - Level 1.6 Dodging
 + Level 0.3 Stealth
 - Level 5.0 Spellcasting
 + Level 1.1 Hexes
 - Level 1.0 Translocations
 - Level 2.4 Fire Magic
 + Level 0.3 Evocations


You had 9 spell levels left.
You knew the following spells:

 Your Spells              Type           Power      Damage    Failure   Level
a - Scorch                Fire           20%        2d6       10%         2
b - Slow                  Hex            28%        N/A       11%         1
c - Blink                 Tloc           12%        N/A       16%         2

Your spell library contained the following spells:

 Spells                   Type           Power      Damage    Failure   Level
 Confusing Touch          Hex            7%         N/A       30%         3
 Vampiric Draining        Necr           5%         2d6       43%         3
 Manifold Assault         Tloc           6%         N/A       71%         4
 Storm Form               Tmut/Air       Unusable   N/A       N/A         7

Dungeon Overview and Level Annotations

Branches:
Dungeon (3/15)

Altars:
Ashenzari

Annotations:
D:3 Natasha


Innate Abilities, Weirdness & Mutations

You are immune to poison.
Your flesh is cold resistant. (rC+)
You are immune to negative energy. (rN+++)
You are immune to unholy pain and torment.
You are vulnerable to heat. (rF-)
You are in touch with the powers of death.
You do not drink.
You have a special connection with the divine. (Faith)


Message History

Natasha growls.
Natasha closely misses you.
You barely miss Natasha.
Natasha is moderately wounded.
Natasha howls an incantation.
Natasha's front paws start to glow.
Natasha zaps a wand.
The roots erupt in riotous growth!
The grasping roots grab you!
Natasha is unaffected.
The grasping roots constrict you.
Natasha extends her claws.
Natasha claws you but does no damage. The grasping roots constrict you.
Press: ? - help, v - describe, . - travel
Here: Natasha, carrying a wand of roots (6) (moderately wounded, more vulnerable to fire)
An open door.
Unknown command.
Unknown command.
Unknown command.
Throw: 3 darts (atropa)
Press: ? - help, Q - select action, (/) - cycle Shift-Dir - straight line, f - Natasha
Aim: Natasha, carrying a wand of roots (6) (moderately wounded, more vulnerable to fire, 43% to hit, chance to blind on hit: 75%)
You throw an atropa-tipped dart. The atropa-tipped dart hits Natasha.
Natasha appears confused.
Natasha is moderately wounded.
Natasha seems less confused.
Natasha is no longer more vulnerable to fire.
Casting: Scorch (safe; 10% risk of failure)
Confirm with . or Enter, or press ? or * to list all spells.
Flames lash Natasha.
Natasha is heavily wounded.
Natasha's fire resistance burns away.
Natasha stares at you and mumbles some strange words.
The magic dart hits you! The grasping roots constrict you.
You barely miss Natasha.
Natasha is heavily wounded.
Natasha claws you! The grasping roots constrict you.
* * * LOW HITPOINT WARNING * * *
Natasha claws you.
* * * LOW HITPOINT WARNING * * *
The grasping roots constrict you!
You die...

#.##....# ##..#####.#........
#.##....# #.........#########
#.##....########..#####. #
........................ #
#.##...##########################
.......# ... ............
P.P....# #.#### ##.####.####
.......# #.#..+ +.'..# .P.P.#.#.
#.#.@# #.#..#
####..[#.#+##.#h##.#+# #.#'##
###.#.........................
#.#.#+##.#+##.#h##.#+##.#+##
#.#.#..#.#..# # #.# #
#.#.#..'.'..# #.#
#.#.####.####.## #.
#.#.............
#.#.########################


You could see Natasha (blind, combustible).

Vanquished Creatures
  Ijyb (D:3)
  Jessica (D:3)
  Natasha (twice) (D:3)
  Robin (D:3)
  5 adders
  An adder zombie (D:3)
  A worm (D:2)
  2 dart slugs
  5 ball pythons
  5 bats
  5 endoplasms
  2 giant cockroaches
  5 goblins (D:3)
  9 hobgoblins
  5 jackals
  2 quokkas
  A ball python zombie (D:3)
  4 frilled lizards
  A jackal skeleton (D:3)
  6 kobolds
  5 rats
69 creatures vanquished.

Vanquished Creatures (others)
  A withered plant (D:3)
1 creature vanquished.

Grand Total: 70 creatures vanquished

Notes
Turn   | Place    | Note
-------+----------+-------------------------------------------
     0 | D:1      | ParallaxScroll the Mummy Cinder Acolyte began the quest for
                  | the Orb.
     0 | D:1      | Reached XP level 1. HP: 18/18 MP: 2/2
   112 | D:1      | Reached skill level 2 in Spellcasting
   319 | D:1      | Reached XP level 2. HP: 24/24 MP: 5/5
   322 | D:1      | Learned a level 2 spell: Scorch
   379 | D:1      | Reached skill level 3 in Spellcasting
  1020 | D:1      | Gained mutation: You are in touch with the powers of death.
                  | [Mummy growth]
  1020 | D:1      | Reached XP level 3. HP: 19/29 MP: 1/7
  1247 | D:2      | Reached skill level 1 in Armour
  1503 | D:2      | Reached skill level 4 in Spellcasting
  1748 | D:2      | Reached XP level 4. HP: 35/35 MP: 6/10
  2092 | D:3      | Found a broken altar of Ashenzari.
  2096 | D:3      | Noticed Jessica
  2104 | D:3      | Killed Jessica
  2105 | D:3      | Reached skill level 5 in Spellcasting
  2163 | D:3      | Learned a level 1 spell: Slow
  2166 | D:3      | Learned a level 2 spell: Blink
  2287 | D:3      | Noticed Natasha
  2303 | D:3      | Killed Natasha
  2304 | D:3      | Reached skill level 1 in Dodging
  2304 | D:3      | Reached XP level 5. HP: 41/41 MP: 7/12
  2383 | D:3      | Noticed Natasha
  2396 | D:3      | Killed Natasha
  2445 | D:3      | Noticed Robin
  2460 | D:3      | Reached skill level 1 in Translocations
  2776 | D:3      | Killed Robin
  2830 | D:3      | Noticed Ijyb
  2849 | D:3      | Killed Ijyb
  2850 | D:3      | Reached skill level 1 in Throwing
  2850 | D:3      | Reached skill level 1 in Hexes
  3256 | D:3      | Noticed Natasha
  3265 | D:3      | HP: 2/41 [Natasha (6)]
  3265 | D:3      | Constricted to death by Natasha

Illustrated notes

Levels and vault maps discovered:
D:1:      sevenhm_arrival_forest_fort_small_4, layout_loops_ring
D:2:      layout_basic
D:3:      minmay_door_path, layout_basic, cheibrodos_ashenzari_chains,
          serial_undead, serial_undead_b, serial_undead_f, serial_undead_a,
          serial_undead_e, nicolae_goblin_pals, uniq_jessica, uniq_robin,
          uniq_natasha

Skill      XL: |  1  2  3  4  5 |
---------------+----------------+-----
Spellcasting   | 2 3 4 5 |  5.0
Armour         | 1 |  1.0
Dodging        | 1 |  1.6
Translocations | 1 |  1.0
Throwing       | 1 |  1.0
Hexes          | 1 |  1.1
Fighting       | |  3.0
Axes           | |  2.4
Stealth        | |  0.3
Fire Magic     | |  2.4
Evocations     | |  0.3

Action                   |  1- 3 |  4- 6 || total
-------------------------+-------+-------++-------
Melee: Hand axe          |    60 |    49 ||   109
 Fire: Sling             |       |     3 ||     3
Throw: Dart              |       |     6 ||     6
 Cast: Scorch            |    28 |    33 ||    61
Invok: Fiery Armour      |       |     1 ||     1
  Use: Scroll            |     1 |     1 ||     2
Armor: Ring mail         |     7 |       ||     7
       Robe              |     1 |    15 ||    16
       Leather armour    |     9 |     1 ||    10
Dodge: Dodged            |    38 |    23 ||    61

Table legend: (Time is in decaauts)
 A = Elapsed time spent in this place.
 B = Non-inter-level travel time spent in this place.
 C = Inter-level travel time spent in this place.
 D = Time resting spent in this place.
 E = Time spent auto-exploring this place.
 F = Levels seen in this place.
 G = Mean time per level.
                   A        B        C        D        E       F      G
               +--------+--------+--------+--------+--------+-----+--------+
         Total |   3298 |   3185 |    113 |   1010 |   1512 |   3 | 1099.3 |
       Dungeon |   3298 |   3185 |    113 |   1010 |   1512 |   3 | 1099.3 |
               +--------+--------+--------+--------+--------+-----+--------+

Top non-repeatable levels by time:
     D:1: 1116 daAuts
     D:3: 1113 daAuts
     D:2: 1067 daAuts
